 Dungeon Crawl Stone Soup version 0.30-a0-726-gd89dcf765f (webtiles) character file.

Game seed: 11473553881143279895

683 Arximoufas the Conjurer (level 7, -7/36 HPs)
             Began as a Deep Elf Conjurer on Jan 29, 2023.
             Was a Follower of Vehumet.
             Shot with an arrow by a centaur (14 damage)
             ... on level 5 of the Dungeon.
             The game lasted 00:12:39 (5678 turns).

Arximoufas the Conjurer (Deep Elf Conjurer)         Turns: 5678, Time: 00:12:40

Health: -7/36      AC:  3    Str:  4    XL:     7   Next: 35%
Magic:  8/16       EV: 18    Int: 25    God:    Vehumet [*.....]
Gold:   207        SH:  0    Dex: 19    Spells: 9/16 levels left

rFire   . . .      SeeInvis .    (no weapon)
rCold   . . .      Faith    .    (no shield)
rNeg    . . .      Spirit   .    a - +0 robe
rPois   .          Reflect  .    r - +0 helmet
rElec   .          Harm     .    (no cloak)
rCorr   .          Rampage  .    (no gloves)
Will    .....                    (no boots)
Stlth   +++                      (no amulet)
HPRegen 0.26/turn                i - +5 ring of evasion
MPRegen 0.15/turn                j - +6 ring of dexterity

@: no status effects
A: no striking features
a: Renounce Religion


You were on level 5 of the Dungeon.
You worshipped Vehumet.
Vehumet was aware of your devotion.
You visited 1 branch of the dungeon, and saw 5 of its levels.
You also visited: Sewer.

You collected 207 gold pieces.

Inventory:

Missiles
 g - 8 poisoned darts
 D - a curare-tipped dart
Armour
 a - a +0 robe (worn)
 r - a +0 helmet (worn)
Jewellery
 i - a +5 ring of evasion (left hand)
 j - a +6 ring of dexterity (right hand)
 l - a +6 ring of dexterity
 q - a +6 ring of strength
 t - a +6 ring of strength
Wands
 m - a wand of flame (15)
Scrolls
 c - 3 scrolls of teleportation {unknown}
 d - a scroll of noise {unknown}
 e - 5 scrolls of identify {unknown}
 f - 4 scrolls of fear {unknown}
 u - 2 scrolls of magic mapping {unknown}
 v - a scroll of enchant armour {unknown}
 x - a scroll of immolation {unknown}
 y - a scroll of torment {unknown}
Potions
 b - 2 potions of magic
 h - a potion of curing {unknown}
 k - 3 potions of heal wounds {unknown}
 n - a potion of berserk rage {unknown}
 o - 2 potions of degeneration {unknown}
 p - a potion of resistance {unknown}
 s - a potion of flight {unknown}
 w - a potion of ambrosia {unknown}
 z - 3 potions of invisibility {unknown}
 A - 3 potions of mutation {unknown}
 B - a potion of haste {unknown}
 C - a potion of experience {unknown}


   Skills:
 - Level 2.4 Dodging
 - Level 5.0 Stealth
 - Level 5.0 Spellcasting
 - Level 6.0 Conjurations
 + Level 3.5 Air Magic
 + Level 4.1 Poison Magic


You had 9 spell levels left.
You knew the following spells:

 Your Spells              Type           Power      Damage    Failure   Level
a - Magic Dart            Conj           100%       1d8       1%          1
b - Poisonous Vapours     Pois/Air       50%        N/A       2%          2
c - Mephitic Cloud        Conj/Pois/Air  29%        N/A       3%          3
d - Shock                 Conj/Air       100%       1d9       1%          1

Your spell library contained the following spells:

 Spells                   Type           Power      Damage    Failure   Level
 Searing Ray              Conj           72%        2d7       1%          2
 Momentum Strike          Conj/Tloc      42%        3d9       3%          2
 Cigotuvi's Dreadful Rot  Necr/Pois/Air  38%        N/A       4%          2
 Dazzling Flash           Conj/Hex       42%        N/A       7%          3
 Blink                    Tloc           12%        N/A       12%         2
 Lesser Beckoning         Tloc           12%        N/A       12%         2
 Sublimation of Blood     Necr           6%         N/A       12%         2
 Inner Flame              Hex/Fire       6%         N/A       24%         3
 Fulminant Prism          Conj/Hex       10%        3d9       24%         4
 Iskenderun's Mystic Bla  Conj/Tloc      21%        2d6       24%         4
 Irradiate                Conj/Tmut      10%        3d15      54%         5
 Cause Fear               Hex            3%         N/A       63%         4
 Petrify                  Tmut/Erth      6%         N/A       63%         4
 Discord                  Hex            3%         N/A       100%        8


Dungeon Overview and Level Annotations

Branches:
Dungeon (5/15)              Sewer (visited)
 Temple: D:4-7

Altars:
Ru
Vehumet
Zin

Annotations:
D:4 Eustachio


Message History

The gnoll hits you from afar with a +0 spear!
Aiming: Shock (safe; 1% risk of failure)
Press: ? - help, Q - select action, (/) - cycle Shift-Dir - straight line, f/p - gnoll
Aim: a gnoll, wielding a +0 spear and quivering a throwing net (severely wounded, 77% to hit)
The zap hits the gnoll.
You kill the gnoll!
Vehumet accepts your kill.
You feel your power returning.
The zap hits the centaur.
The centaur is severely wounded.
The centaur wields a +0 shortbow.
The centaur shoots an arrow.
The arrow misses you.
The centaur shoots an arrow.
The arrow completely misses you.
Aiming: Shock (safe; 1% risk of failure)
Press: ? - help, Q - select action, (/) - cycle Shift-Dir - straight line, f - centaur
Aim: a centaur, wielding a +0 shortbow (severely wounded, 84% to hit)
The zap misses the centaur.
The centaur shoots an arrow.
The arrow hits you.
Aiming: Shock (safe; 1% risk of failure)
Press: ? - help, Q - select action, (/) - cycle Shift-Dir - straight line, f/p - centaur
Aim: a centaur, wielding a +0 shortbow (severely wounded, 84% to hit)
The zap hits the centaur.
The centaur is almost dead.
The centaur shoots an arrow.
The arrow hits you!
* * * LOW HITPOINT WARNING * * *
The centaur shoots an arrow.
The arrow hits you.
* * * LOW HITPOINT WARNING * * *
Aiming: Shock (safe; 1% risk of failure)
Press: ? - help, Q - select action, (/) - cycle Shift-Dir - straight line, f/p - centaur
Aim: a centaur, wielding a +0 shortbow (almost dead, 84% to hit)
The zap hits the centaur.
The centaur is almost dead.
The centaur shoots an arrow.
The arrow completely misses you.
Aiming: Shock (safe; 1% risk of failure)
Press: ? - help, Q - select action, (/) - cycle Shift-Dir - straight line, f/p - centaur
Aim: a centaur, wielding a +0 shortbow (almost dead, 84% to hit)
The zap hits the centaur but does no damage.
The centaur is almost dead.
The centaur shoots an arrow.
The arrow hits you!
You die...

.......#~~.~#........
#####..######.####.##
##..........#
##########.## #....#
#.#.## #.#.#
######.#####
#).......@.#
#......###)# #......#
)# #......# c#
#......# g. #......#
.. ######## ^## ##


You could see a centaur and a gnoll.

Vanquished Creatures
  An ogre (D:3)
  A kobold brigand (Sewer)
  2 necrophages
  A howler monkey (D:5)
  An orc priest (D:5)
  A hound (D:4)
  Natasha (thrice) (D:2)
  2 iguanas (D:5)
  5 adders
  2 gnolls (D:5)
  A river rat (D:5)
  2 ufetubi
  3 worms
  A dart slug (D:1)
  6 orcs
  5 bats
  2 endoplasms
  3 giant cockroaches
  7 goblins
  2 hobgoblins
  7 jackals
  4 quokkas
  7 ball pythons
  4 frilled lizards
  21 kobolds
  13 rats
107 creatures vanquished.

Vanquished Creatures (others)
  2 plants (Sewer)
2 creatures vanquished.

Grand Total: 109 creatures vanquished

Notes
Turn   | Place    | Note
-------+----------+-------------------------------------------
     0 | D:1      | Arximoufas the Deep Elf Conjurer began the quest for the
                  | Orb.
     0 | D:1      | Reached XP level 1. HP: 10/10 MP: 6/6
   148 | D:1      | Reached XP level 2. HP: 15/15 MP: 4/8
   551 | D:1      | Reached skill level 5 in Conjurations
   551 | D:1      | Reached XP level 3. HP: 17/19 MP: 6/10
  1346 | D:2      | Reached XP level 4. HP: 24/24 MP: 3/11
  1589 | D:2      | Found a radiant altar of Vehumet.
  1615 | D:2      | Became a worshipper of Vehumet
  1624 | D:2      | Noticed Natasha
  1631 | D:2      | Killed Natasha
  1753 | D:2      | Noticed Natasha
  1759 | D:2      | Killed Natasha
  1911 | D:2      | Identified the +3 hand axe of Vanity {protect, rC+ Str-4
                  | Stlth+}
  2147 | D:2      | Noticed Natasha
  2153 | D:2      | Killed Natasha
  2154 | D:2      | Reached XP level 5. HP: 28/28 MP: 7/13
  2679 | D:3      | Learned a level 2 spell: Poisonous Vapours
  2683 | D:3      | Learned a level 3 spell: Mephitic Cloud
  2754 | D:3      | Identified the +0 leather armour "Huujyr" {Str+4}
  2927 | D:3      | Noticed an ogre
  2935 | D:3      | Killed an ogre
  2936 | D:3      | Reached skill level 5 in Spellcasting
  2936 | D:3      | Reached skill level 6 in Conjurations
  2936 | D:3      | Reached skill level 1 in Air Magic
  2936 | D:3      | Reached skill level 1 in Poison Magic
  3196 | D:3      | Found a glowing silver altar of Zin.
  3433 | D:4      | Reached XP level 6. HP: 32/32 MP: 10/15
  3542 | D:4      | Noticed Eustachio
  4738 | D:5      | Entered Level 5 of the Dungeon
  4758 | D:5      | Reached skill level 5 in Stealth
  4920 | D:5      | Found a sacrificial altar of Ru.
  5024 | D:5      | Reached XP level 7. HP: 31/36 MP: 4/16
  5132 | D:5      | Found a glowing drain.
  5136 | Sewer    | Entered a sewer
  5154 | Sewer    | Reached * piety under Vehumet
  5154 | Sewer    | Offered knowledge of Shock by Vehumet.
  5617 | D:5      | Learned a level 1 spell: Shock
  5678 | D:5      | Shot with an arrow by a centaur

Illustrated notes

Levels and vault maps discovered:
D:1:      lemuel_arrival_lava_pool, layout_basic, minmay_misc_feat_more_columns,
          minmay_circled_x
D:2:      layout_basic, basic_altar, uniq_natasha
D:3:      layout_loops_corners, amcnicky_altar_gilded
D:4:      layout_basic, uniq_eustachio
D:5:      layout_basic, old_standard_altar, gup_sewer_entry_bowl

Skill      XL: |  1  2  3  4  5  6  7 |
---------------+----------------------+-----
Stealth        | 3 4 5 |  5.0
Conjurations   | 5 6 |  6.0
Spellcasting   | 4 5 |  5.0
Air Magic      | 1 3 |  3.5
Poison Magic   | 1 3 4 |  4.1
Dodging        | |  2.4

Action                     |  1- 3 |  4- 6 |  7- 9 || total
---------------------------+-------+-------+-------++-------
   Cast: Magic Dart        |    82 |   123 |    45 ||   250
         Shock             |       |       |    10 ||    10
         Mephitic Cloud    |       |       |     3 ||     3
  Evoke: Wand              |       |     6 |       ||     6
 Armour: Robe              |     6 |     3 |     5 ||    14
  Dodge: Dodged            |    18 |    16 |    14 ||    48

Table legend: (Time is in decaauts)
 A = Elapsed time spent in this place.
 B = Non-inter-level travel time spent in this place.
 C = Inter-level travel time spent in this place.
 D = Time resting spent in this place.
 E = Time spent auto-exploring this place.
 F = Levels seen in this place.
 G = Mean time per level.
                   A        B        C        D        E       F      G
               +--------+--------+--------+--------+--------+-----+--------+
         Total |   5726 |   5621 |    105 |    732 |   3913 |   6 |  954.3 |
       Dungeon |   5212 |   5107 |    105 |    540 |   3695 |   5 | 1042.4 |
         Sewer |    513 |    513 |      0 |    192 |    218 |   1 |  513.0 |
               +--------+--------+--------+--------+--------+-----+--------+

Top non-repeatable levels by time:
     D:2: 1407 daAuts
     D:4: 1312 daAuts
     D:1: 1096 daAuts
     D:3: 927 daAuts
   Sewer: 513 daAuts
     D:5: 468 daAuts
